 Dungeon Crawl Stone Soup version 0.16.1-18-g436b03c (webtiles) character file.

242763 drasked the Severer (level 19, -2/133 HPs)
             Began as a Gargoyle Berserker on Apr 28, 2015.
             Was a High Priest of Trog.
             Slain by a deep troll (5 damage)
             ... summoned by a shadow trap
             ... triggered by an ironheart preserver
             ... on level 4 of the Vaults.
             The game lasted 00:54:02 (39649 turns).

drasked the Severer (Gargoyle Berserker)           Turns: 39649, Time: 00:54:02

Health: -2/133     AC: 46    Str: 28    XL:     19   Next: 85%
Magic:  18/18      EV: 13    Int:  9    God:    Trog [*****.]
Gold:   4489       SH:  0    Dex:  9    Spells: 0 memorised, 18 levels left

rFire  + . .     SeeInvis +     x - +6 battleaxe (freeze)
rCold  . . .     Clarity  .     y - +2 chain mail {rF+}
rNeg   + . .     SustAb   .     (no shield)
rPois  ∞         Gourm    .     f - +2 helmet
rElec  +         Spirit   .     c - +2 cloak
rCorr  .         Warding  .     s - +2 pair of gloves
rMut   .         Stasis   .     u - +2 pair of boots
MR     +++..                    l - amulet of regeneration
Stlth  ..........               t - +3 ring of evasion
                                h - ring of see invisible

@: exhausted, flying, starving, regenerating, slowed, very slow, extremely
resistant to hostile enchantments, extremely unstealthy
A: able to fly continuously, big wings, negative energy resistance 1,
electricity resistance, unbreathing, petrification resistance, rot immunity, AC
+13
a: Stop Flying, Burn Spellbooks, Berserk, Trog's Hand, Brothers in Arms,
Renounce Religion
}: 1/15 runes: decaying


You were on level 4 of the Vaults.
You worshipped Trog.
Trog was extremely pleased with you.
You were starving.

You visited 5 branches of the dungeon, and saw 35 of its levels.

You collected 4489 gold pieces.


Innate Abilities, Weirdness & Mutations

You are resistant to torment.
You are immune to poison.
You can fly continuously.
Your stone body is very resilient (AC +13).
Your wings are large and strong.
You resist negative energy.
You are resistant to electric shocks.
You can survive without breathing.
You are immune to petrification.
You are immune to rotting.


   Skills:
 + Level 19.6 Fighting
 - Level 20.0 Axes
 - Level 19.7 Armour
 - Level 1.5 Dodging


You had 18 spell levels left.
You didn't know any spells.

Inventory:

Hand weapons
 x - a +6 battleaxe of freezing (weapon)
Missiles
 o - 2 javelins of penetration (quivered)
Armour
 b - a +3 chain mail
 c - a +2 cloak (worn)
 f - a +2 helmet (worn)
 r - a +0 plate armour
 s - a +2 pair of gloves (worn)
 u - a +2 pair of boots (worn)
 y - a +2 chain mail of fire resistance (worn)
Jewellery
 g - an uncursed ring of ice
 h - a ring of see invisible (left hand)
 j - an uncursed ring of positive energy
 l - an amulet of regeneration (around neck)
 t - a +3 ring of evasion (right hand)
 A - an uncursed ring of protection from magic
 Y - an uncursed ring of protection from cold
Scrolls
 i - 8 scrolls of remove curse
 m - 3 scrolls of recharging
 p - 16 scrolls of identify
Potions
 a - 7 potions of resistance
 d - 3 potions of heal wounds
 k - 10 potions of curing
 n - 7 potions of haste
 q - 3 potions of might
 v - 5 potions of restore abilities
 w - 5 potions of cancellation
Comestibles
 e - 9 bread rations
 C - a royal jelly

Dungeon Overview and Level Annotations

Branches:
Dungeon (15/15)            Temple (0/1) D:4            Lair (8/8) D:9
  Swamp (5/5) Lair:6        Snake (0/5) Lair:6        Slime (0/6) Lair:6
    Orc (3/4) D:12         Vaults (4/5) D:14          Crypt (0/3) Vaults:3
 Depths (0/5) D:15
    Elf: Orc:3-4

Altars:
Ashenzari
Dithmenos
Fedhas
Gozag
Makhleb
Nemelex Xobeh
Okawaru
Qazlal
Ru
Sif Muna
Trog
Vehumet
Xom
Yredelemnul
Beogh

Shops:
D:6 *   D:15 (   Orc:1 %

Portals:
Hell: Lair:8


Message History

The ogre seems to speed up.
The orc knight hits you but does no damage.
The boulder beetle curls into a ball and starts rolling!
The boulder beetle smashes into the deep elf fighter!
The deep elf fighter dies!
The deep elf fighter's corpse disappears in a puff of smoke!
The deep troll bites you!! The deep troll claws you!
The deep troll claws you but does no damage.
39649 ||| DRINKING 4 potions of heal wounds.
You feel much better.
The boulder beetle smashes into the orc knight!
The boulder beetle stops rolling.
The deep troll bites you! The deep troll closely misses you.
The deep troll claws you but does no damage.
The deep troll shaman closely misses you.
The deep troll shaman claws you but does no damage. x2
The vault sentinel blows a loud note on a signal horn!
The orc knight hits you but does no damage.
The deep troll bites you! The deep troll misses you. The deep troll claws you.
You die...

........# . .........#
.#.#
.........########.....
.........#......#...%..
.........#......#oO.....
.........#...<..#OoO(...
.........#......#BTe....
.........#......#opp.....
######...#.....T@TOoOO...
.....#...+......#T#o#.#.#
.....#...#......#oo.
.....#...############
.....#...# .....#(..#
.....#...# ######(..#
........(#


You could see a boulder beetle, an orc knight, an ogre mage, 2 deep trolls, 2
vault sentinels, a deep troll shaman, a two-headed ogre, a deep elf priest, an
orc warrior (frenzied), 4 ogres, an orc priest (frenzied), 4 orcs and a friendly
troll (berserk).

Vanquished Creatures
  A bone dragon (Vaults:3)
  Nikola (Swamp:1)
  A lich (Vaults:2)
  2 thorn hunters (Swamp:5)
  A sphinx (Vaults:4)
  Rupert (Swamp:1)
  2 tengu reavers
  2 fire giants (Vaults:3)
  9 vault wardens
  Aizul (Swamp:3)
  A deep elf sorcerer (Vaults:3)
  4 stone giants
  10 ironheart preservers
  A deep elf demonologist (Vaults:1)
  4 shadow wraiths
  An ettin (Vaults:3)
  A dire elephant (D:15)
  Snorg (Lair:7)
  2 deep elf death magi (Vaults:1)
  10 vault guards
  7 ogre magi
  3 fire dragons
  4 yaktaur captains
  A rakshasa (Vaults:2)
  3 great orbs of eyes
  Harold (D:11)
  18 hydras
  6 centaur warriors
  3 ghost crabs
  2 ice dragons
  7 alligators
  2 deep troll shamans
  5 death yaks
  A spriggan berserker (Swamp:2)
  6 spriggans
  4 skeletal warriors (D:15)
  An iron troll (shapeshifter) (D:14)
  3 deep elf knights (Vaults:4)
  7 wizards
  2 unseen horrors (Vaults:1)
  4 spriggan druids
  10 deep trolls
  12 swamp dragons
  A tengu zombie (Vaults:3)
  A lindwurm (Lair:7)
  7 shambling mangroves
  19 ironbrand convokers
  7 harpies (Vaults:2)
  11 hill giants
  3 hornets
  12 orc knights
  3 human zombies
  A frost giant zombie (Vaults:2)
  4 necromancers
  A manticore (D:15)
  A stone giant zombie (Vaults:3)
  5 cyclopes
  7 griffons
  An orc sorcerer (Vaults:3)
  A guardian serpent (shapeshifter) (D:11)
  19 ugly things
  2 black mambas
  A frost giant skeleton (Vaults:3)
  14 elephants (Lair:7)
  7 vault sentinels
  21 spiny frogs
  4 wolf spiders
  2 black mambas (shapeshifter) (Vaults:3)
  A sixfirhy (Lair:8)
  A gargoyle (D:11)
  2 orange demons (Lair:8)
  2 torpor snails
  A naga mage (Vaults:2)
  A smoke demon (Lair:8)
  6 komodo dragons
  A queen ant (Lair:6)
  7 fire drakes
  A komodo dragon (shapeshifter) (Vaults:2)
  3 blue devils (Lair:8)
  25 yaktaurs
  2 deep elf priests (Vaults:2)
  2 freezing wraiths
  A tengu conjurer (Vaults:2)
  A hellwing (Lair:8)
  2 giant leeches (shapeshifter)
  9 giant leeches
  2 polar bears
  11 trolls
  A spectral harpy (Swamp:5)
  2 red devils (Lair:8)
  Prince Ribbit (D:6)
  A raiju (shapeshifter) (Vaults:1)
  A harpy zombie (D:14)
  2 jumping spiders (Vaults:3)
  9 bog bodies
  A polar bear (shapeshifter) (D:14)
  3 boulder beetles
  4 basilisks
  22 blink frogs
  A raven (shapeshifter) (Vaults:3)
  18 ravens
  An ettin zombie (Vaults:3)
  33 slime creatures
  8 baby alligators
  12 two-headed ogres
  A sphinx simulacrum (Vaults:3)
  9 redbacks (Vaults:3)
  A hill giant zombie (D:12)
  A trapdoor spider (D:13)
  A wyvern (Lair:5)
  4 shadows
  26 yaks
  A wraith (D:15)
  7 deep elf magi
  6 deep elf fighters
  7 hippogriffs
  41 vampire mosquitoes
  A human (D:7)
  A spectral raven (Swamp:4)
  14 swamp worms
  12 wargs
  7 hungry ghosts
  17 insubstantial wisps
  Menkaure (D:7)
  6 soldier ants (Lair:6)
  25 water moccasins
  2 nagas (Lair:6)
  4 mottled dragons
  4 ice beasts
  9 porcupines
  6 sky beasts
  2 necrophages
  26 orc warriors
  3 phantoms
  5 black bears
  2 eyes of draining
  15 swamp drakes
  An ettin simulacrum (Vaults:3)
  34 ogres
  9 wasps
  The ghost of tesudzi the Firebug, an average DrWn (D:3)
  2 boggarts
  13 centaurs
  22 crocodiles
  A brain worm (shapeshifter) (D:15)
  A boring beetle (Lair:8)
  2 big kobolds (D:13)
  Blork the orc (D:6)
  A wyvern zombie (D:14)
  24 giant frogs
  5 scorpions
  7 killer bees
  A troll zombie (D:12)
  3 human simulacra
  A giant frog zombie (D:5)
  3 vampire bats (Lair:6)
  An electric eel (Orc:1)
  8 crimson imps
  A yaktaur simulacrum (Vaults:1)
  20 wights
  2 goliath beetles
  A wasp zombie (D:8)
  4 giant frog skeletons
  A centaur zombie (D:5)
  10 hounds
  11 iguanas
  6 jellies
  25 orc priests
  30 worker ants
  5 centaur skeletons
  24 orc wizards
  2 killer bee zombies
  6 ogre zombies (D:12)
  27 sheep
  Ijyb (D:3)
  A hound zombie (D:8)
  2 hound skeletons (D:8)
  21 adders
  37 river rats
  2 giant mites
  9 worms
  6 shadow imps
  3 adder skeletons
  An adder zombie (D:7)
  7 giant geckos
  An ooze (D:5)
  135 orcs
  18 bats
  A bat skeleton (D:4)
  10 giant cockroaches
  19 goblins
  19 hobgoblins
  5 jackals
  14 quokkas
  A giant gecko skeleton (D:8)
  4 giant newts
  3 giant spores
  3 goblin skeletons (D:12)
  2 hobgoblin skeletons (D:12)
  6 hobgoblin zombies (D:12)
  A jackal skeleton (D:7)
  A jackal zombie (D:8)
  18 kobolds
  3 orc skeletons (D:12)
  12 orc zombies
  50 rats
  A spectral orc (D:2)
  6 ballistomycetes
  2 briar patches (Swamp:5)
  4 fungi
  6 plants
1542 creatures vanquished.

Vanquished Creatures (collateral kills)
  2 thorn hunters
  Roxanne (D:15)
  A vault warden (Vaults:3)
  2 ironheart preservers
  10 hydras
  Nessos (D:15)
  An ogre mage (Vaults:3)
  A deep troll (Vaults:3)
  An ironbrand convoker (Vaults:3)
  A swamp dragon (Swamp:3)
  2 wolf spiders
  A deep elf conjurer (Vaults:3)
  A necromancer (Vaults:3)
  A human zombie (Vaults:3)
  A vault sentinel (Vaults:3)
  2 orange demons (Lair:8)
  A spiny frog (Swamp:4)
  3 yaktaurs (Vaults:3)
  A blue devil (Lair:8)
  A deep elf priest (Vaults:1)
  A giant leech (Swamp:1)
  3 blink frogs
  A slime creature (Vaults:3)
  2 deep elf fighters (Vaults:1)
  A warg (Vaults:3)
  3 swamp worms
  A wasp (Swamp:5)
  A boggart (Vaults:3)
  An ogre (Vaults:1)
  A crocodile (Lair:6)
  A river rat (Lair:7)
  A quokka (Lair:4)
  A plant (Lair:7)
53 creatures vanquished.

Vanquished Creatures (others)
  An ironheart preserver (Vaults:1)
  A hydra (Swamp:5)
  An ogre mage (Vaults:1)
  A deep troll (Vaults:1)
  A swamp dragon (Swamp:5)
  An unseen horror (D:13)
  3 trolls
  3 two-headed ogres
  A giant leech (Swamp:3)
  A deep elf fighter (Vaults:4)
  A swamp drake (Swamp:5)
  7 ogres
  A boggart (Vaults:3)
  An orc wizard (Vaults:1)
  A briar patch (Swamp:5)
  2 fungi
  2 plants
29 creatures vanquished.

Grand Total: 1624 creatures vanquished

Notes
Turn   | Place    | Note
--------------------------------------------------------------
     0 | D:1      | drasked, the Gargoyle Berserker, began the quest for the Orb.
     0 | D:1      | Reached XP level 1. HP: 14/14 MP: 1/1
     0 | D:1      | 0 ||| counter = 17
   317 | D:1      | Reached skill level 3 in Axes
   322 | D:1      | 322 ||| Stepping ~*~*~tactically~*~*~ (water).
   331 | D:1      | Reached XP level 2. HP: 12/19 MP: 2/2
   349 | D:1      | 349 ||| INVOKING Berserk.
   883 | D:1      | 883 ||| UPGRADING to leather armour.
   893 | D:1      | 893 ||| DROPPING +0 animal skin.
   894 | D:1      | 894 ||| READING scroll labeled DUTREST SMUEX.
   907 | D:1      | 907 ||| EATING beef jerky.
   908 | D:1      | 908 ||| READING scroll labeled PLIERO RYAH.
   909 | D:1      | 909 ||| READING scroll labeled MUGABE SUTWAST.
   910 | D:1      | 910 ||| READING scroll labeled ACKESKEKKA.
   911 | D:1      | 911 ||| READING scroll labeled JIUDUXE BOJA.
   941 | D:1      | Reached XP level 3. HP: 20/23 MP: 3/3
   967 | D:2      | 967 ||| STAIRDANCE
   969 | D:1      | 969 ||| INVOKING Berserk.
  1095 | D:2      | Acquired Trog's second power
  1173 | D:2      | 1173 ||| INVOKING Berserk.
  1175 | D:2      | Reached skill level 4 in Axes
  1195 | D:2      | 1195 ||| EATING bread ration.
  1374 | D:2      | 1374 ||| INVOKING Berserk.
  1554 | D:2      | Reached XP level 4. HP: 28/28 MP: 4/4
  1557 | D:2      | Found a shattered altar of Ashenzari.
  1769 | D:2      | 1769 ||| INVOKING Berserk.
  1945 | D:2      | 1945 ||| INVOKING Berserk.
  2121 | D:2      | 2121 ||| EATING meat ration.
  2259 | D:2      | Found a basalt altar of Yredelemnul.
  2394 | D:2      | 2394 ||| READING 2 scrolls labeled PHURACUCOL.
  2395 | D:2      | 2395 ||| READING scroll labeled LANENI MNOSODI.
  2396 | D:2      | 2396 ||| READING scroll labeled KIARIRR HUOCLU.
  2397 | D:2      | 2397 ||| DRINKING 2 black potions.
  2398 | D:2      | 2398 ||| DRINKING 3 puce potions.
  2399 | D:2      | 2399 ||| DRINKING 2 emerald potions.
  2400 | D:2      | 2400 ||| READING 2 scrolls of identify.
  2400 | D:2      | 2400 ||| IDENTIFYING coral ring
  2401 | D:2      | 2401 ||| UPGRADING to +3 ring of evasion.
  2485 | D:3      | Noticed tesudzi's ghost (average DrWn)
  2493 | D:3      | Reached skill level 5 in Axes
  2493 | D:3      | Reached XP level 5. HP: 32/32 MP: 5/5
  2494 | D:3      | 2494 ||| INVOKING Berserk.
  2502 | D:3      | Killed tesudzi's ghost
  2722 | D:3      | Reached XP level 6. HP: 37/37 MP: 6/6
  2834 | D:3      | Reached skill level 6 in Axes
  2879 | D:3      | Found a deep blue altar of Sif Muna.
  2899 | D:3      | You fall through a shaft!
  2900 | D:4      | 2900 ||| Shafted from D:3 to D:4.
  2926 | D:3      | 2926 ||| Successfully unshafted to D:3.
  2956 | D:3      | Noticed Ijyb
  3000 | D:3      | Killed Ijyb
  3367 | D:3      | 3367 ||| UPGRADING to ring mail.
  3377 | D:3      | 3377 ||| UPGRADING to chain mail.
  3387 | D:3      | 3387 ||| DROPPING +0 ring mail.
  3388 | D:3      | 3388 ||| DROPPING +0 leather armour.
  3389 | D:3      | 3389 ||| UPGRADING to runed scale mail.
  3399 | D:3      | 3399 ||| UPGRADING to +0 chain mail.
  3409 | D:3      | 3409 ||| READING scroll labeled SMOUTE GIUDUXELOG.
  3410 | D:3      | 3410 ||| READING scroll labeled PHUULE THRUMETA.
  3411 | D:3      | 3411 ||| READING scroll of identify.
  3411 | D:3      | 3411 ||| IDENTIFYING moonstone ring
  3434 | D:4      | 3434 ||| STAIRDANCE
  3446 | D:4      | 3446 ||| STAIRDANCE
  3757 | D:4      | Found a staircase to the Ecumenical Temple.
  4125 | D:4      | Acquired Trog's third power
  4147 | D:4      | Found a sacrificial altar of Ru.
  4167 | D:4      | 4167 ||| UPGRADING to blackened glass ring.
  4168 | D:4      | 4168 ||| READING scroll labeled STEKERCHA MAHIE.
  4169 | D:4      | 4169 ||| DRINKING 2 golden potions.
  4180 | D:5      | Entered Level 5 of the Dungeon
  4181 | D:5      | 4181 ||| INVOKING Burn Spellbooks.
  4311 | D:5      | 4311 ||| INVOKING Berserk.
  4313 | D:5      | Reached XP level 7. HP: 18/41 MP: 7/7
  4483 | D:5      | 4483 ||| EATING slice of pizza.
  4503 | D:5      | Reached skill level 7 in Axes
  4886 | D:5      | 4886 ||| INVOKING Berserk.
  4925 | D:5      | 4925 ||| EATING 4 fruits.
  4940 | D:5      | 4940 ||| INVOKING Berserk.
  4946 | D:5      | Reached skill level 3 in Armour
  4957 | D:5      | 4957 ||| EATING 3 fruits.
  5012 | D:5      | 5012 ||| EATING 2 fruits.
  5094 | D:5      | Found an opulent altar of Gozag.
  5270 | D:5      | 5270 ||| EATING fruit.
  5365 | D:5      | 5365 ||| UPGRADING to cloak.
  5370 | D:5      | 5370 ||| READING 2 scrolls of enchant armour.
  5370 | D:5      | 5370 ||| ENCHANTING +0 cloak.
  5371 | D:5      | 5371 ||| READING scroll of enchant armour.
  5371 | D:5      | 5371 ||| ENCHANTING +1 cloak.
  5372 | D:5      | 5372 ||| READING 3 scrolls labeled REEZINWA CRAL.
  5373 | D:5      | 5373 ||| DRINKING 2 sapphire potions.
  5405 | D:5      | 5405 ||| EATING beef jerky.
  5406 | D:5      | 5406 ||| DRINKING 2 sedimented red potions.
  5407 | D:5      | 5407 ||| DRINKING 2 fizzy silvery potions.
  5408 | D:5      | 5408 ||| READING 2 scrolls of identify.
  5408 | D:5      | 5408 ||| IDENTIFYING coppery potion
  5456 | D:6      | Reached skill level 8 in Axes
  5456 | D:6      | Reached XP level 8. HP: 41/48 MP: 8/8
  5630 | D:6      | Found Nemaim's Assorted Antiques.
  5771 | D:6      | 5771 ||| INVOKING Berserk.
  5777 | D:6      | Reached skill level 9 in Axes
  5950 | D:6      | Noticed Prince Ribbit
  5958 | D:6      | 5958 ||| INVOKING Berserk.
  5965 | D:6      | Killed Prince Ribbit
  6032 | D:6      | 6032 ||| EATING 3 bread rations.
  6046 | D:6      | Noticed Blork the orc
  6055 | D:6      | 6055 ||| INVOKING Berserk.
  6061 | D:6      | Killed Blork the orc
  6061 | D:6      | Reached XP level 9. HP: 54/54 MP: 9/9
  6121 | D:6      | 6121 ||| INVOKING Burn Spellbooks.
  6122 | D:6      | Found a bloodstained altar of Trog.
  6149 | D:6      | Found a blossoming altar of Fedhas.
  6290 | D:6      | Reached skill level 10 in Axes
  6781 | D:6      | 6781 ||| UPGRADING to twisted blue amulet.
  6782 | D:6      | 6782 ||| REMOVING amulet of stasis.
  6783 | D:6      | 6783 ||| DROPPING amulet of stasis.
  6784 | D:6      | 6784 ||| DRINKING 2 cyan potions.
  6785 | D:6      | 6785 ||| READING 2 scrolls of identify.
  6785 | D:6      | 6785 ||| IDENTIFYING smoky sapphire potion
  6889 | D:7      | Received a gift from Trog
  6902 | D:7      | 6902 ||| UPGRADING to runed battleaxe {god gift}.
  6903 | D:7      | 6903 ||| DROPPING +0 hand axe.
  7109 | D:7      | 7109 ||| INVOKING Berserk.
  7154 | D:7      | 7154 ||| EATING 3 bread rations.
  7197 | D:7      | 7197 ||| INVOKING Berserk.
  7307 | D:7      | Found a stormy altar of Qazlal.
  7320 | D:7      | 7320 ||| INVOKING Berserk.
  7388 | D:7      | Noticed Menkaure
  7393 | D:7      | Killed Menkaure
  7393 | D:7      | Reached skill level 11 in Axes
  7467 | D:7      | Reached skill level 6 in Fighting
  7661 | D:7      | Found an iron altar of Okawaru.
  7763 | D:7      | 7763 ||| EATING 2 beef jerkies.
  7773 | D:7      | 7773 ||| READING 3 scrolls of identify.
  7773 | D:7      | 7773 ||| IDENTIFYING fizzy black potion
  7774 | D:7      | 7774 ||| READING 2 scrolls of identify.
  7774 | D:7      | 7774 ||| IDENTIFYING viscous yellow potion
  7822 | D:8      | 7822 ||| STAIRDANCE
  7831 | D:8      | 7831 ||| STAIRDANCE
  7839 | D:8      | Found a shadowy altar of Dithmenos.
  7927 | D:8      | Got a smoking turquoise ring
  7951 | D:8      | 7951 ||| INVOKING Berserk.
  7954 | D:8      | Reached XP level 10. HP: 60/60 MP: 3/10
  8013 | D:8      | 8013 ||| EATING beef jerky.
  8027 | D:8      | 8027 ||| INVOKING Berserk.
  8072 | D:8      | 8072 ||| EATING 7 slices of pizza.
  8188 | D:8      | Found a shimmering altar of Xom.
  8195 | D:8      | 8195 ||| INVOKING Berserk.
  8278 | D:8      | Found a sparkling altar of Nemelex Xobeh.
  8345 | D:8      | Reached skill level 12 in Axes
  8779 | D:8      | 8779 ||| INVOKING Berserk.
  9060 | D:8      | 9060 ||| UPGRADING to smoking turquoise ring.
  9061 | D:8      | Identified the ring "Koiptin" {+/*Tele Str-3 Int+3 Dex+3 Stlth+} (You found it on level 8 of the Dungeon)
  9062 | D:8      | 9062 ||| REMOVING ring "Koiptin" {+/*Tele Str-3 Int+3 Dex+3 Stlth+}.
  9063 | D:8      | 9063 ||| DROPPING ring "Koiptin" {+/*Tele Str-3 Int+3 Dex+3 Stlth+}.
  9064 | D:8      | 9064 ||| UPGRADING to small jade ring.
  9065 | D:8      | 9065 ||| UPGRADING to +3 ring of evasion.
  9067 | D:8      | 9067 ||| READING scroll labeled UTZUOSTRIUGA.
  9107 | D:8      | 9107 ||| READING scroll labeled SKIUMA TINA.
  9108 | D:8      | 9108 ||| DRINKING 3 smoky purple potions.
  9109 | D:8      | 9109 ||| READING 2 scrolls of identify.
  9109 | D:8      | 9109 ||| IDENTIFYING blue potion
  9200 | D:9      | 9200 ||| INVOKING Berserk.
  9227 | D:9      | 9227 ||| EATING 6 slices of pizza.
  9253 | D:9      | 9253 ||| INVOKING Burn Spellbooks.
  9504 | D:9      | Found a staircase to the Lair.
  9657 | D:9      | 9657 ||| EATING 5 slices of pizza.
  9715 | D:9      | 9715 ||| STAIRDANCE
  9721 | D:8      | 9721 ||| INVOKING Berserk.
  9728 | D:8      | 9728 ||| EATING 4 slices of pizza.
  9925 | Lair:1   | Entered Level 1 of the Lair of Beasts
  9926 | Lair:1   | 9926 ||| Entered L.
  9958 | Lair:1   | 9958 ||| EATING 3 slices of pizza.
  9966 | Lair:1   | 9966 ||| INVOKING Berserk.
  9971 | Lair:1   | Reached skill level 13 in Axes
 10215 | Lair:1   | Received a gift from Trog
 10356 | Lair:1   | 10356 ||| INVOKING Berserk.
 10368 | Lair:1   | 10368 ||| READING 6 scrolls of teleportation.
 10399 | Lair:1   | 10399 ||| INVOKING Berserk.
 10400 | Lair:1   | Reached XP level 11. HP: 66/66 MP: 11/11
 10406 | Lair:1   | 10406 ||| EATING 2 slices of pizza.
 10501 | Lair:1   | 10501 ||| INVOKING Berserk.
 10510 | Lair:1   | 10510 ||| READING 5 scrolls of teleportation.
 10721 | Lair:1   | 10721 ||| INVOKING Berserk.
 10754 | Lair:1   | 10754 ||| EATING slice of pizza.
 10824 | Lair:1   | 10824 ||| INVOKING Berserk.
 10865 | Lair:1   | 10865 ||| EATING royal jelly.
 11080 | Lair:1   | 11080 ||| READING 3 scrolls of identify.
 11080 | Lair:1   | 11080 ||| IDENTIFYING lumpy purple potion
 11095 | Lair:2   | 11095 ||| STAIRDANCE
 11175 | Lair:2   | 11175 ||| INVOKING Berserk.
 11216 | Lair:2   | 11216 ||| EATING 6 bread rations.
 11256 | Lair:2   | 11256 ||| INVOKING Berserk.
 11263 | Lair:2   | Reached skill level 14 in Axes
 12065 | Lair:2   | 12065 ||| UPGRADING to granite ring.
 12067 | Lair:2   | 12067 ||| REMOVING ring of sustain abilities.
 12068 | Lair:2   | 12068 ||| DROPPING ring of sustain abilities.
 12069 | Lair:2   | 12069 ||| UPGRADING to ring of protection from magic.
 12070 | Lair:2   | 12070 ||| UPGRADING to +3 ring of evasion.
 12483 | Lair:3   | 12483 ||| INVOKING Berserk.
 12566 | Lair:3   | 12566 ||| INVOKING Berserk.
 12586 | Lair:3   | 12586 ||| READING 6 scrolls of teleportation.
 12644 | Lair:3   | 12644 ||| INVOKING Berserk.
 12958 | Lair:3   | 12958 ||| INVOKING Berserk.
 12975 | Lair:3   | 12975 ||| READING 5 scrolls of teleportation.
 12977 | Lair:3   | 12977 ||| EATING 5 fruits.
 13037 | Lair:3   | 13037 ||| READING 4 scrolls of teleportation.
 13048 | Lair:3   | 13048 ||| READING 3 scrolls of teleportation.
 13055 | Lair:3   | 13055 ||| READING 2 scrolls of teleportation.
 13057 | Lair:3   | Reached skill level 15 in Axes
 13126 | Lair:3   | 13126 ||| INVOKING Berserk.
 13138 | Lair:3   | 13138 ||| READING scroll of teleportation.
 13141 | Lair:3   | 13141 ||| INVOKING Brothers in Arms.
 13143 | Lair:3   | 13143 ||| EATING 4 fruits.
 13307 | Lair:3   | 13307 ||| READING scroll labeled YJIUKASTR CLOAWIV.
 13308 | Lair:3   | 13308 ||| READING scroll labeled ZAETYSK GYIDDU.
 13515 | Lair:4   | 13515 ||| INVOKING Berserk.
 13528 | Lair:4   | 13528 ||| INVOKING Brothers in Arms.
 13530 | Lair:4   | 13530 ||| INVOKING Brothers in Arms.
 13534 | Lair:4   | Reached XP level 12. HP: 45/72 MP: 12/12
 13658 | Lair:4   | Noticed an eight-headed hydra
 13659 | Lair:4   | 13659 ||| INVOKING Brothers in Arms.
 13660 | Lair:4   | 13660 ||| INVOKING Berserk.
 13670 | Lair:4   | Killed a 17-headed hydra
 13672 | Lair:4   | Received a gift from Trog
 13852 | Lair:4   | 13852 ||| EATING 3 fruits.
 13874 | Lair:4   | 13874 ||| UPGRADING to glowing executioner's axe {god gift}.
 13875 | Lair:4   | 13875 ||| UPGRADING to +2 battleaxe of freezing.
 13876 | Lair:4   | 13876 ||| DROPPING +1 executioner's axe of freezing.
 14075 | Lair:4   | Noticed an eight-headed hydra
 14076 | Lair:4   | 14076 ||| INVOKING Brothers in Arms.
 14079 | Lair:4   | 14079 ||| INVOKING Brothers in Arms.
 14080 | Lair:4   | 14080 ||| INVOKING Berserk.
 14087 | Lair:4   | Killed a 12-headed hydra
 14091 | Lair:4   | 14091 ||| EATING 2 fruits.
 14206 | Lair:4   | 14206 ||| EATING fruit.
 14307 | Lair:4   | Noticed a six-headed hydra
 14307 | Lair:4   | 14307 ||| INVOKING Brothers in Arms.
 14311 | Lair:4   | 14311 ||| INVOKING Brothers in Arms.
 14312 | Lair:4   | 14312 ||| INVOKING Brothers in Arms.
 14313 | Lair:4   | 14313 ||| INVOKING Brothers in Arms.
 14319 | Lair:4   | 14319 ||| INVOKING Brothers in Arms.
 14320 | Lair:4   | 14320 ||| INVOKING Brothers in Arms.
 14321 | Lair:4   | 14321 ||| INVOKING Brothers in Arms.
 14322 | Lair:4   | 14322 ||| INVOKING Brothers in Arms.
 14323 | Lair:4   | Killed a 11-headed hydra
 14337 | Lair:4   | 14337 ||| EATING 7 bread rations.
 14829 | Lair:4   | 14829 ||| UPGRADING to dented crystal amulet.
 14830 | Lair:4   | 14830 ||| UPGRADING to small golden ring.
 14832 | Lair:4   | 14832 ||| REMOVING ring of flight.
 14833 | Lair:4   | 14833 ||| UPGRADING to ring of protection from magic.
 14844 | Lair:4   | 14844 ||| DROPPING ring of flight.
 14845 | Lair:4   | 14845 ||| UPGRADING to +3 ring of evasion.
 14856 | Lair:4   | You fall through a shaft for 3 floors!
 14898 | Lair:7   | Reached skill level 16 in Axes
 14940 | Lair:7   | 14940 ||| INVOKING Berserk.
 15365 | Lair:7   | Reached XP level 13. HP: 52/79 MP: 13/13
 15372 | Lair:7   | Reached skill level 17 in Axes
 15378 | Lair:7   | Reached skill level 9 in Fighting
 15454 | Lair:7   | Noticed a six-headed hydra
 15455 | Lair:7   | 15455 ||| INVOKING Brothers in Arms.
 15459 | Lair:7   | 15459 ||| INVOKING Berserk.
 15464 | Lair:7   | Killed a ten-headed hydra
 15593 | Lair:7   | 15593 ||| INVOKING Burn Spellbooks.
 15642 | Lair:7   | 15642 ||| INVOKING Berserk.
 15650 | Lair:7   | 15650 ||| EATING 3 fruits.
 15723 | Lair:7   | Noticed Snorg
 15723 | Lair:7   | 15723 ||| INVOKING Brothers in Arms.
 15724 | Lair:7   | 15724 ||| INVOKING Brothers in Arms.
 15729 | Lair:7   | 15729 ||| INVOKING Berserk.
 15739 | Lair:7   | HP: 27/120 [Snorg (7)]
 15740 | Lair:7   | HP: 11/120 [Snorg (16)]
 15741 | Lair:7   | Killed Snorg
 15747 | Lair:7   | 15747 ||| DRINKING 4 potions of heal wounds.
 15748 | Lair:7   | Received a gift from Trog
 16153 | Lair:7   | 16153 ||| INVOKING Brothers in Arms.
 16154 | Lair:7   | 16154 ||| INVOKING Brothers in Arms.
 16155 | Lair:7   | 16155 ||| INVOKING Brothers in Arms.
 16156 | Lair:7   | 16156 ||| INVOKING Brothers in Arms.
 16157 | Lair:7   | 16157 ||| INVOKING Brothers in Arms.
 16221 | Lair:7   | 16221 ||| EATING 2 fruits.
 16294 | Lair:7   | 16294 ||| UPGRADING to helmet.
 16299 | Lair:7   | 16299 ||| DROPPING cursed +1 scale mail of fire resistance.
 16300 | Lair:7   | 16300 ||| UPGRADING to plate armour.
 16310 | Lair:7   | 16310 ||| DROPPING +0 chain mail.
 16311 | Lair:7   | 16311 ||| READING 2 scrolls of enchant armour.
 16311 | Lair:7   | 16311 ||| ENCHANTING +0 helmet.
 16312 | Lair:7   | 16312 ||| READING scroll of enchant armour.
 16312 | Lair:7   | 16312 ||| ENCHANTING +1 helmet.
 16361 | Lair:8   | Entered Level 8 of the Lair of Beasts
 16858 | Lair:8   | Reached skill level 6 in Armour
 16876 | Lair:8   | 16876 ||| EATING 2 beef jerkies.
 17041 | Lair:8   | 17041 ||| INVOKING Brothers in Arms.
 17042 | Lair:8   | 17042 ||| INVOKING Berserk.
 17049 | Lair:8   | Reached skill level 18 in Axes
 17069 | Lair:8   | 17069 ||| EATING 4 fruits.
 17165 | Lair:8   | Received a gift from Trog
 17185 | Lair:8   | 17185 ||| INVOKING Trog's Hand.
 17194 | Lair:8   | Found a burning altar of Makhleb.
 17198 | Lair:8   | 17198 ||| INVOKING Brothers in Arms.
 17208 | Lair:8   | 17208 ||| INVOKING Berserk.
 17213 | Lair:8   | HP: 30/120 [burnt (2)]
 17217 | Lair:8   | HP: 14/120 [burnt (3)]
 17221 | Lair:8   | HP: 5/120 [burnt (3)]
 17224 | Lair:8   | HP: 1/120 [burnt (3)]
 17228 | Lair:8   | Found a gateway to Hell.
 17314 | Lair:8   | 17314 ||| EATING beef jerky.
 17530 | Lair:8   | 17530 ||| UPGRADING to marble ring.
 17532 | Lair:8   | 17532 ||| UPGRADING to +3 ring of evasion.
 17709 | Lair:6   | Gained mutation: Your wings are large and strong. [gargoyle growth]
 17709 | Lair:6   | Reached XP level 14. HP: 86/86 MP: 14/14
 17712 | Lair:6   | 17712 ||| INVOKING Fly.
 17712 | Lair:6   | 17712 ||| FLYING.
 17928 | D:10     | Entered Level 10 of the Dungeon
 17934 | D:10     | 17934 ||| STAIRDANCE
 17943 | D:10     | 17943 ||| STAIRDANCE
 17956 | D:10     | 17956 ||| STAIRDANCE
 17964 | D:9      | Received a gift from Trog
 17971 | D:9      | 17971 ||| UPGRADING to runed battleaxe {god gift}.
 17972 | D:9      | 17972 ||| DROPPING +2 battleaxe of freezing.
 18374 | D:10     | 18374 ||| INVOKING Brothers in Arms.
 18376 | D:10     | 18376 ||| INVOKING Berserk.
 18731 | D:10     | Reached skill level 19 in Axes
 18802 | D:10     | 18802 ||| INVOKING Brothers in Arms.
 18805 | D:10     | 18805 ||| INVOKING Brothers in Arms.
 18806 | D:10     | 18806 ||| INVOKING Berserk.
 18813 | D:10     | 18813 ||| EATING 3 fruits.
 18921 | D:10     | 18921 ||| UPGRADING to sapphire ring.
 18923 | D:10     | 18923 ||| UPGRADING to ring of protection from magic.
 18925 | D:10     | 18925 ||| UPGRADING to ring of protection from cold.
 18927 | D:10     | 18927 ||| UPGRADING to ring of see invisible.
 18929 | D:10     | 18929 ||| READING scroll labeled RIM OFASOB.
 18930 | D:10     | 18930 ||| READING 5 scrolls of identify.
 18930 | D:10     | 18930 ||| IDENTIFYING pink potion
 18967 | D:11     | 18967 ||| STAIRDANCE
 18977 | D:11     | 18977 ||| STAIRDANCE
 19014 | D:11     | Noticed Harold
 19026 | D:11     | Killed Harold
 19419 | D:11     | Received a gift from Trog
 19839 | D:11     | 19839 ||| UPGRADING to pair of boots.
 19914 | D:12     | 19914 ||| READING scroll of enchant armour.
 19914 | D:12     | 19914 ||| ENCHANTING +0 pair of boots.
 19948 | D:12     | 19948 ||| EATING 2 fruits.
 20049 | D:12     | Found a staircase to the Orcish Mines.
 20411 | D:12     | 20411 ||| EATING fruit.
 20593 | D:12     | 20593 ||| READING scroll labeled SKUOTAOFYA.
 20593 | D:12     | Identified a scroll of acquirement
 20612 | Orc:1    | Entered Level 1 of the Orcish Mines
 20612 | Orc:1    | Found Oliuned's Food Shop.
 20613 | Orc:1    | 20613 ||| Entered O.
 20712 | Orc:1    | Received a gift from Trog
 21288 | Orc:1    | 21288 ||| UPGRADING to glowing chain mail.
 21326 | Orc:2    | 21326 ||| STAIRDANCE
 21620 | Orc:2    | Found a frozen archway.
 21629 | Orc:2    | Found a roughly hewn altar of Beogh.
 21762 | Orc:2    | Received a gift from Trog
 21764 | Orc:2    | 21764 ||| UPGRADING to glowing battleaxe {god gift}.
 21765 | Orc:2    | 21765 ||| UPGRADING to +5 battleaxe of freezing.
 21766 | Orc:2    | 21766 ||| DROPPING +2 battleaxe of flaming.
 21876 | Orc:2    | Found a flagged portal.
 22671 | Orc:3    | 22671 ||| INVOKING Berserk.
 22686 | Orc:3    | 22686 ||| EATING 9 bread rations.
 22872 | D:13     | 22872 ||| STAIRDANCE
 23838 | D:13     | Received a gift from Trog
 23841 | D:13     | 23841 ||| UPGRADING to runed executioner's axe {god gift}.
 23842 | D:13     | 23842 ||| UPGRADING to +5 battleaxe of freezing.
 23843 | D:13     | 23843 ||| DROPPING +3 antimagic executioner's axe.
 23902 | D:14     | 23902 ||| READING scroll of acquirement.
 23951 | D:14     | 23951 ||| INVOKING Berserk.
 23958 | D:14     | Reached skill level 20 in Axes
 24016 | D:14     | 24016 ||| EATING beef jerky.
 24151 | D:14     | 24151 ||| INVOKING Trog's Hand.
 24157 | D:14     | 24157 ||| INVOKING Berserk.
 24167 | D:14     | 24167 ||| EATING 10 meat rations.
 24200 | D:14     | Found a gate to the Vaults.
 24287 | D:14     | Found a shimmering altar of Xom.
 24287 | D:14     | Found a shimmering altar of Xom.
 24341 | D:14     | Reached XP level 15. HP: 92/92 MP: 15/15
 24345 | D:14     | Found a shimmering altar of Xom.
 24345 | D:14     | Found a shimmering altar of Xom.
 24345 | D:14     | Found a shimmering altar of Xom.
 24346 | D:14     | 24346 ||| INVOKING Trog's Hand.
 24349 | D:14     | Found a shimmering altar of Xom.
 24349 | D:14     | Found a shimmering altar of Xom.
 24349 | D:14     | Found a shimmering altar of Xom.
 24349 | D:14     | Found a shimmering altar of Xom.
 24349 | D:14     | Found a shimmering altar of Xom.
 24744 | D:14     | 24744 ||| READING 8 scrolls of identify.
 24744 | D:14     | 24744 ||| IDENTIFYING grey potion
 24747 | D:14     | 24747 ||| DROPPING 15 tomahawks.
 24748 | D:14     | 24748 ||| DROPPING 4 silver tomahawks.
 24749 | D:14     | 24749 ||| DROPPING 12 exploding tomahawks.
 24764 | D:15     | Entered Level 15 of the Dungeon
 24871 | D:15     | 24871 ||| INVOKING Trog's Hand.
 24875 | D:15     | 24875 ||| INVOKING Berserk.
 24880 | D:15     | Reached skill level 9 in Armour
 24953 | D:15     | Found a staircase to the Depths.
 24954 | D:15     | 24954 ||| INVOKING Brothers in Arms.
 24955 | D:15     | 24955 ||| INVOKING Berserk.
 24973 | D:15     | 24973 ||| EATING 9 meat rations.
 25146 | D:15     | 25146 ||| INVOKING Berserk.
 25163 | D:15     | 25163 ||| READING 2 scrolls of teleportation.
 25229 | D:15     | Found Scheshuf's Antique Weapon Boutique.
 25271 | D:15     | Noticed Nessos
 25272 | D:15     | 25272 ||| INVOKING Brothers in Arms.
 25274 | D:15     | 25274 ||| INVOKING Berserk.
 25276 | D:15     | Killed Nessos
 25324 | D:15     | Noticed Roxanne
 25325 | D:15     | 25325 ||| INVOKING Brothers in Arms.
 25327 | D:15     | 25327 ||| INVOKING Brothers in Arms.
 25328 | D:15     | 25328 ||| INVOKING Berserk.
 25333 | D:15     | Killed Roxanne
 25338 | D:15     | 25338 ||| INVOKING Burn Spellbooks.
 25339 | D:15     | 25339 ||| EATING 8 meat rations.
 25403 | D:15     | 25403 ||| INVOKING Berserk.
 25530 | D:15     | 25530 ||| READING scroll of enchant weapon.
 25530 | D:15     | 25530 ||| ENCHANTING +5 battleaxe of freezing.
 25969 | D:14     | 25969 ||| STAIRDANCE
 26279 | Lair:5   | 26279 ||| INVOKING Brothers in Arms.
 26282 | Lair:5   | 26282 ||| INVOKING Berserk.
 26456 | Lair:5   | Received a gift from Trog
 26803 | Lair:5   | 26803 ||| READING scroll of enchant armour.
 26803 | Lair:5   | 26803 ||| ENCHANTING +1 pair of boots.
 26890 | Lair:5   | 26890 ||| UPGRADING to runed granite ring.
 26892 | Lair:5   | 26892 ||| READING 7 scrolls of remove curse.
 26893 | Lair:5   | 26893 ||| REMOVING ring of teleportation.
 26894 | Lair:5   | 26894 ||| UPGRADING to ring of positive energy.
 26895 | Lair:5   | 26895 ||| UPGRADING to ring of protection from magic.
 26897 | Lair:5   | 26897 ||| UPGRADING to ring of see invisible.
 26899 | Lair:5   | 26899 ||| DROPPING ring of teleportation.
 26914 | Lair:6   | 26914 ||| STAIRDANCE
 26922 | Lair:6   | 26922 ||| STAIRDANCE
 27134 | Lair:6   | 27134 ||| INVOKING Brothers in Arms.
 27137 | Lair:6   | 27137 ||| INVOKING Brothers in Arms.
 27138 | Lair:6   | 27138 ||| INVOKING Berserk.
 27170 | Lair:6   | 27170 ||| EATING beef jerky.
 27197 | Lair:6   | Found a staircase to the Slime Pits.
 27441 | Lair:6   | Found a staircase to the Swamp.
 27534 | Lair:6   | 27534 ||| INVOKING Brothers in Arms.
 27535 | Lair:6   | 27535 ||| INVOKING Berserk.
 27578 | Lair:6   | 27578 ||| INVOKING Burn Spellbooks.
 27703 | Lair:6   | Found a staircase to the Snake Pit.
 27949 | Lair:8   | 27949 ||| EATING slice of pizza.
 27990 | Lair:8   | 27990 ||| DROPPING 4 steel tomahawks.
 28134 | Swamp:1  | Entered Level 1 of the Swamp
 28135 | Swamp:1  | 28135 ||| Entered S.
 28168 | Swamp:1  | 28168 ||| INVOKING Burn Spellbooks.
 28311 | Swamp:1  | 28311 ||| Stepping ~*~*~tactically~*~*~ (cloud).
 28419 | Swamp:1  | Noticed Rupert
 28420 | Swamp:1  | 28420 ||| INVOKING Trog's Hand.
 28423 | Swamp:1  | 28423 ||| INVOKING Berserk.
 28430 | Swamp:1  | Killed Rupert
 28430 | Swamp:1  | Reached skill level 12 in Fighting
 28589 | Swamp:1  | Noticed Nikola
 28589 | Swamp:1  | 28589 ||| INVOKING Brothers in Arms.
 28594 | Swamp:1  | 28594 ||| INVOKING Berserk.
 28602 | Swamp:1  | Killed Nikola
 28602 | Swamp:1  | Reached skill level 12 in Armour
 28612 | Swamp:1  | 28612 ||| EATING 9 meat rations.
 28714 | Swamp:1  | 28714 ||| INVOKING Brothers in Arms.
 28716 | Swamp:1  | 28716 ||| INVOKING Berserk.
 28961 | Swamp:1  | 28961 ||| Stepping ~*~*~tactically~*~*~ (cloud).
 28966 | Swamp:1  | 28966 ||| INVOKING Brothers in Arms.
 28967 | Swamp:1  | 28967 ||| INVOKING Brothers in Arms.
 28970 | Swamp:1  | 28970 ||| INVOKING Berserk.
 28972 | Swamp:1  | Reached XP level 16. HP: 101/101 MP: 16/16
 29089 | Swamp:1  | 29089 ||| Stepping ~*~*~tactically~*~*~ (cloud).
 29109 | Swamp:1  | 29109 ||| UPGRADING to pair of gloves.
 29114 | Swamp:1  | 29114 ||| READING 2 scrolls of enchant armour.
 29114 | Swamp:1  | 29114 ||| ENCHANTING +0 pair of gloves.
 29115 | Swamp:1  | 29115 ||| READING scroll of enchant armour.
 29115 | Swamp:1  | 29115 ||| ENCHANTING +1 pair of gloves.
 29340 | Swamp:2  | 29340 ||| INVOKING Brothers in Arms.
 29344 | Swamp:2  | 29344 ||| INVOKING Berserk.
 29638 | Swamp:2  | 29638 ||| INVOKING Brothers in Arms.
 29642 | Swamp:2  | 29642 ||| INVOKING Berserk.
 29651 | Swamp:2  | 29651 ||| EATING 8 meat rations.
 29785 | Swamp:2  | 29785 ||| INVOKING Brothers in Arms.
 29787 | Swamp:2  | 29787 ||| INVOKING Berserk.
 29942 | Swamp:2  | 29942 ||| INVOKING Berserk.
 30000 | Swamp:2  | 30000 ||| INVOKING Berserk.
 30003 | Swamp:2  | Received a gift from Trog
 30008 | Swamp:2  | 30008 ||| READING scroll of teleportation.
 30012 | Swamp:2  | 30012 ||| EATING 7 meat rations.
 30169 | Swamp:2  | 30169 ||| INVOKING Berserk.
 30248 | Swamp:2  | 30248 ||| UPGRADING to blackened bone amulet.
 30250 | Swamp:2  | 30250 ||| REMOVING amulet of the gourmand.
 30251 | Swamp:2  | 30251 ||| DROPPING amulet of the gourmand.
 30252 | Swamp:2  | 30252 ||| UPGRADING to amulet of regeneration.
 30314 | Swamp:3  | 30314 ||| STAIRDANCE
 30319 | Swamp:3  | 30319 ||| STAIRDANCE
 30354 | Swamp:3  | Got a distressingly furry chain mail
 30502 | Swamp:3  | 30502 ||| INVOKING Fly.
 30502 | Swamp:3  | 30502 ||| FLYING.
 30628 | Swamp:3  | 30628 ||| INVOKING Berserk.
 30670 | Swamp:3  | 30670 ||| EATING 6 meat rations.
 30789 | Swamp:3  | Noticed Aizul
 30790 | Swamp:3  | 30790 ||| INVOKING Trog's Hand.
 30791 | Swamp:3  | 30791 ||| INVOKING Brothers in Arms.
 30793 | Swamp:3  | 30793 ||| INVOKING Berserk.
 30799 | Swamp:3  | Killed Aizul
 30983 | Swamp:3  | Received a gift from Trog
 31122 | Swamp:3  | 31122 ||| UPGRADING to distressingly furry chain mail.
 31132 | Swamp:3  | Identified the cursed -1 chain mail of the Big Bang {Str+2} (You found it on level 3 of the Swamp)
 31132 | Swamp:3  | 31132 ||| READING 8 scrolls of remove curse.
 31133 | Swamp:3  | 31133 ||| UPGRADING to +0 plate armour.
 31143 | Swamp:3  | 31143 ||| DROPPING -1 chain mail of the Big Bang {Str+2}.
 31144 | Swamp:3  | 31144 ||| UPGRADING to +2 chain mail of fire resistance.
 31266 | Swamp:4  | 31266 ||| Stepping randomly (disturbance).
 31267 | Swamp:4  | 31267 ||| Stepping randomly (disturbance).
 31281 | Swamp:4  | 31281 ||| Stepping randomly (disturbance).
 31283 | Swamp:4  | 31283 ||| Stepping randomly (disturbance).
 31285 | Swamp:4  | 31285 ||| Stepping randomly (disturbance).
 31286 | Swamp:4  | 31286 ||| Stepping randomly (disturbance).
 31389 | Swamp:4  | 31389 ||| Stepping ~*~*~tactically~*~*~ (water).
 31390 | Swamp:4  | 31390 ||| INVOKING Berserk.
 31397 | Swamp:4  | 31397 ||| EATING 5 meat rations.
 31431 | Swamp:4  | 31431 ||| INVOKING Fly.
 31431 | Swamp:4  | 31431 ||| FLYING.
 31471 | Swamp:4  | Noticed a thorn hunter
 31472 | Swamp:4  | 31472 ||| INVOKING Brothers in Arms.
 31476 | Swamp:4  | 31476 ||| INVOKING Berserk.
 31480 | Swamp:4  | Killed a thorn hunter
 31554 | Swamp:4  | 31554 ||| UPGRADING to small garnet ring.
 31556 | Swamp:4  | 31556 ||| REMOVING ring of wizardry.
 31763 | Swamp:4  | 31763 ||| INVOKING Fly.
 31763 | Swamp:4  | 31763 ||| FLYING.
 31795 | Swamp:4  | 31795 ||| INVOKING Brothers in Arms.
 31796 | Swamp:4  | 31796 ||| INVOKING Berserk.
 32091 | Swamp:4  | 32091 ||| DROPPING ring of wizardry.
 32092 | Swamp:4  | 32092 ||| UPGRADING to ring of protection from magic.
 32093 | Swamp:4  | 32093 ||| UPGRADING to ring of protection from cold.
 32095 | Swamp:4  | 32095 ||| UPGRADING to ring of see invisible.
 32105 | Swamp:5  | Entered Level 5 of the Swamp
 32106 | Swamp:5  | 32106 ||| STAIRDANCE
 32108 | Swamp:4  | 32108 ||| INVOKING Brothers in Arms.
 32109 | Swamp:4  | 32109 ||| INVOKING Berserk.
 32164 | Swamp:4  | 32164 ||| EATING 4 meat rations.
 32171 | Swamp:5  | Noticed a thorn hunter
 32171 | Swamp:5  | 32171 ||| INVOKING Brothers in Arms.
 32172 | Swamp:5  | 32172 ||| INVOKING Berserk.
 32176 | Swamp:5  | Killed a thorn hunter
 32306 | Swamp:5  | Noticed a thorn hunter
 32307 | Swamp:5  | 32307 ||| INVOKING Brothers in Arms.
 32309 | Swamp:5  | 32309 ||| INVOKING Berserk.
 32312 | Swamp:5  | Killed a thorn hunter
 32427 | Swamp:5  | 32427 ||| INVOKING Brothers in Arms.
 32429 | Swamp:5  | 32429 ||| INVOKING Berserk.
 32435 | Swamp:5  | Reached XP level 17. HP: 112/112 MP: 17/17
 32516 | Swamp:5  | 32516 ||| INVOKING Fly.
 32516 | Swamp:5  | 32516 ||| FLYING.
 32536 | Swamp:5  | 32536 ||| Stepping ~*~*~tactically~*~*~ (water).
 32565 | Swamp:5  | 32565 ||| INVOKING Fly.
 32565 | Swamp:5  | 32565 ||| FLYING.
 32575 | Swamp:5  | 32575 ||| READING 2 scrolls of teleportation.
 32601 | Swamp:5  | Received a gift from Trog
 32733 | Swamp:5  | 32733 ||| INVOKING Berserk.
 32744 | Swamp:5  | Reached skill level 15 in Fighting
 32754 | Swamp:5  | 32754 ||| Stepping ~*~*~tactically~*~*~ (water).
 32794 | Swamp:5  | 32794 ||| READING scroll of teleportation.
 32801 | Swamp:5  | 32801 ||| INVOKING Brothers in Arms.
 32809 | Swamp:5  | Reached skill level 15 in Armour
 32819 | Swamp:5  | HP: 27/113 [ten-headed hydra (7)]
 32820 | Swamp:5  | 32820 ||| DRINKING 5 potions of heal wounds.
 32826 | Swamp:5  | 32826 ||| EATING slice of pizza.
 32834 | Swamp:5  | 32834 ||| INVOKING Berserk.
 32864 | Swamp:5  | 32864 ||| EATING 4 meat rations.
 32910 | Swamp:5  | 32910 ||| INVOKING Berserk.
 32932 | Swamp:5  | 32932 ||| INVOKING Brothers in Arms.
 32972 | Swamp:5  | Noticed a thorn hunter
 32972 | Swamp:5  | 32972 ||| INVOKING Brothers in Arms.
 32975 | Swamp:5  | 32975 ||| INVOKING Berserk.
 32983 | Swamp:5  | Killed a thorn hunter
 33049 | Swamp:5  | 33049 ||| INVOKING Fly.
 33049 | Swamp:5  | 33049 ||| FLYING.
 33098 | Swamp:5  | Got a decaying rune of Zot
 33875 | Vaults:1 | Entered Level 1 of the Vaults
 33876 | Vaults:1 | 33876 ||| Entered V.
 33876 | Vaults:1 | 33876 ||| INVOKING Trog's Hand.
 33877 | Vaults:1 | 33877 ||| STAIRDANCE
 33885 | Vaults:1 | 33885 ||| STAIRDANCE
 34034 | Vaults:1 | 34034 ||| INVOKING Trog's Hand.
 34184 | Vaults:1 | 34184 ||| INVOKING Trog's Hand.
 34234 | Vaults:1 | 34234 ||| INVOKING Trog's Hand.
 34401 | Vaults:1 | 34401 ||| INVOKING Trog's Hand.
 34408 | Vaults:1 | Received a gift from Trog
 34414 | Vaults:1 | 34414 ||| INVOKING Berserk.
 34425 | Vaults:1 | 34425 ||| INVOKING Brothers in Arms.
 34504 | Vaults:1 | 34504 ||| UPGRADING to runed battleaxe {god gift}.
 34505 | Vaults:1 | 34505 ||| UPGRADING to +6 battleaxe of freezing.
 34506 | Vaults:1 | 34506 ||| DROPPING +2 battleaxe of flaming.
 34548 | Vaults:1 | 34548 ||| INVOKING Berserk.
 34578 | Vaults:1 | 34578 ||| INVOKING Brothers in Arms.
 34590 | Vaults:1 | 34590 ||| EATING 3 meat rations.
 34824 | Vaults:1 | Reached XP level 18. HP: 119/122 MP: 18/18
 35173 | Vaults:2 | 35173 ||| STAIRDANCE
 35444 | Vaults:2 | 35444 ||| INVOKING Burn Spellbooks.
 35544 | Vaults:2 | 35544 ||| DRINKING 11 potions of curing.
 35544 | Vaults:2 | 35544 ||| (to cure confusion)
 35581 | Vaults:2 | 35581 ||| INVOKING Berserk.
 35643 | Vaults:2 | Found a radiant altar of Vehumet.
 35643 | Vaults:2 | Noticed a lich
 35644 | Vaults:2 | 35644 ||| INVOKING Burn Spellbooks.
 35646 | Vaults:2 | 35646 ||| INVOKING Trog's Hand.
 35647 | Vaults:2 | 35647 ||| INVOKING Brothers in Arms.
 35648 | Vaults:2 | 35648 ||| INVOKING Berserk.
 35649 | Vaults:2 | Killed a lich
 35655 | Vaults:2 | 35655 ||| EATING 3 meat rations.
 35705 | Vaults:2 | Got a jewelled hat
 35724 | Vaults:2 | Received a gift from Trog
 36573 | Vaults:2 | 36573 ||| INVOKING Brothers in Arms.
 36577 | Vaults:2 | 36577 ||| INVOKING Berserk.
 36587 | Vaults:2 | 36587 ||| EATING 2 meat rations.
 36650 | Vaults:2 | 36650 ||| INVOKING Trog's Hand.
 36786 | Vaults:2 | 36786 ||| UPGRADING to glowing hat.
 36796 | Vaults:2 | 36796 ||| UPGRADING to +2 helmet.
 36806 | Vaults:2 | 36806 ||| DROPPING +1 hat of intelligence.
 36807 | Vaults:2 | 36807 ||| UPGRADING to embroidered hat.
 36817 | Vaults:2 | 36817 ||| UPGRADING to +2 helmet.
 36827 | Vaults:2 | 36827 ||| DROPPING +1 hat.
 36828 | Vaults:2 | 36828 ||| UPGRADING to jewelled hat.
 36838 | Vaults:2 | Identified the +1 hat of Light {rC+} (You found it on level 2 of the Vaults)
 36838 | Vaults:2 | 36838 ||| UPGRADING to +2 helmet.
 36848 | Vaults:2 | 36848 ||| DROPPING +1 hat of Light {rC+}.
 36849 | Vaults:2 | 36849 ||| UPGRADING to embroidered hat.
 36859 | Vaults:2 | 36859 ||| UPGRADING to +2 helmet.
 36869 | Vaults:2 | 36869 ||| DROPPING +1 hat of magic resistance.
 36870 | Vaults:2 | 36870 ||| UPGRADING to runed hat.
 36880 | Vaults:2 | 36880 ||| UPGRADING to +2 helmet.
 36890 | Vaults:2 | 36890 ||| DROPPING +2 hat of spirit shield.
 36891 | Vaults:2 | 36891 ||| UPGRADING to embroidered hat.
 36901 | Vaults:2 | 36901 ||| UPGRADING to +2 helmet.
 36911 | Vaults:2 | 36911 ||| DROPPING +1 hat of intelligence.
 36979 | Vaults:3 | 36979 ||| STAIRDANCE
 36989 | Vaults:3 | 36989 ||| STAIRDANCE
 37002 | Vaults:3 | 37002 ||| STAIRDANCE
 37012 | Vaults:3 | 37012 ||| STAIRDANCE
 37078 | Vaults:3 | 37078 ||| INVOKING Berserk.
 37195 | Vaults:3 | 37195 ||| INVOKING Trog's Hand.
 37205 | Vaults:3 | Received a gift from Trog
 37211 | Vaults:3 | 37211 ||| INVOKING Brothers in Arms.
 37212 | Vaults:3 | 37212 ||| INVOKING Berserk.
 37226 | Vaults:3 | Reached skill level 18 in Armour
 37243 | Vaults:3 | Reached skill level 18 in Fighting
 37251 | Vaults:3 | 37251 ||| EATING meat ration.
 37315 | Vaults:3 | 37315 ||| UPGRADING to glowing executioner's axe {god gift}.
 37316 | Vaults:3 | 37316 ||| UPGRADING to +6 battleaxe of freezing.
 37317 | Vaults:3 | 37317 ||| DROPPING +2 executioner's axe of electrocution.
 37370 | Vaults:3 | 37370 ||| INVOKING Berserk.
 37536 | Vaults:3 | Received a gift from Trog
 37552 | Vaults:3 | 37552 ||| INVOKING Berserk.
 37638 | Vaults:3 | 37638 ||| INVOKING Trog's Hand.
 37639 | Vaults:3 | 37639 ||| INVOKING Berserk.
 37646 | Vaults:3 | Reached XP level 19. HP: 131/131 MP: 18/18
 37681 | Vaults:3 | 37681 ||| EATING meat ration.
 37980 | Vaults:3 | 37980 ||| INVOKING Berserk.
 38040 | Vaults:3 | 38040 ||| INVOKING Berserk.
 38317 | Vaults:3 | Noticed a bone dragon
 38349 | Vaults:3 | Killed a bone dragon
 38406 | Vaults:3 | Found a staircase to the Crypt.
 38449 | Vaults:3 | 38449 ||| INVOKING Brothers in Arms.
 38451 | Vaults:3 | 38451 ||| INVOKING Berserk.
 38455 | Vaults:3 | 38455 ||| EATING 11 bread rations.
 38461 | Vaults:3 | 38461 ||| INVOKING Burn Spellbooks.
 38621 | Vaults:3 | 38621 ||| INVOKING Trog's Hand.
 38637 | Vaults:3 | 38637 ||| INVOKING Brothers in Arms.
 38644 | Vaults:3 | 38644 ||| INVOKING Berserk.
 38652 | Vaults:3 | Received a gift from Trog
 38677 | Vaults:3 | 38677 ||| INVOKING Brothers in Arms.
 38926 | Vaults:3 | 38926 ||| EATING 10 bread rations.
 38978 | Vaults:3 | 38978 ||| UPGRADING to large wooden ring.
 38980 | Vaults:3 | 38980 ||| READING 9 scrolls of remove curse.
 38981 | Vaults:3 | 38981 ||| REMOVING -3 ring of intelligence.
 38982 | Vaults:3 | 38982 ||| DROPPING -3 ring of intelligence.
 38983 | Vaults:3 | 38983 ||| UPGRADING to ring of protection from cold.
 38984 | Vaults:3 | 38984 ||| UPGRADING to ring of see invisible.
 39044 | Vaults:4 | 39044 ||| INVOKING Trog's Hand.
 39139 | Vaults:4 | 39139 ||| INVOKING Trog's Hand.
 39185 | Vaults:4 | 39185 ||| INVOKING Trog's Hand.
 39314 | Vaults:4 | Received a gift from Trog
 39362 | Vaults:4 | Got a smoking battleaxe {god gift}
 39363 | Vaults:4 | 39363 ||| UPGRADING to smoking battleaxe {god gift}.
 39363 | Vaults:4 | Identified the +4 battleaxe of Juojyrock {drain, Int-5 Dex+3} (Trog gifted it to you on level 4 of the Vaults)
 39364 | Vaults:4 | 39364 ||| UPGRADING to +6 battleaxe of freezing.
 39365 | Vaults:4 | 39365 ||| DROPPING +4 battleaxe of Juojyrock {drain, Int-5 Dex+3}.
 39401 | Vaults:4 | 39401 ||| INVOKING Trog's Hand.
 39514 | Vaults:4 | 39514 ||| INVOKING Berserk.
 39581 | Vaults:4 | 39581 ||| INVOKING Trog's Hand.
 39585 | Vaults:4 | 39585 ||| INVOKING Berserk.
 39628 | Vaults:4 | 39628 ||| INVOKING Brothers in Arms.
 39648 | Vaults:4 | HP: 16/133 [deep troll[an ironheart preserver] (18)]
 39648 | Vaults:4 | HP: 3/133 [deep troll[an ironheart preserver] (13)]
 39649 | Vaults:4 | 39649 ||| DRINKING 4 potions of heal wounds.
 39649 | Vaults:4 | Slain by a deep troll

Vault maps used:
D:1:      minmay_arrival_diagonal_passages, kennysheep_small_spiral
D:2:      evilmike_ruin_ashenzari, yredelemnul_forgotten_temple_becter
D:3:      nicolae_overflow_crystal_walls, minmay_misc_feat_square, uniq_iyjb,
          uniq_terence
D:4:      nicolae_ru_path_of_blood, minmay_temple_entry_nine_rooms, first_bread
D:5:      erik_ogre, kennysheep_mini_moat
D:6:      overflow_temple_1_default, serial_shops,
          nicolae_shop_overgrown_old_shop, minmay_fountain_box, trog_book,
          uniq_blork_the_orc, uniq_prince_ribbit1
D:7:      okawaru_trees_1, grunt_livestock, grunt_qazlal_clouds, uniq_menkaure
D:8:      nicolae_dithmenos_the_darkroom, xom_butterflies, old_standard_altar,
          minmay_door_square, lightli_corner_chamber
D:9:      nicolae_overflow_hidden_temple, dpeg_lair_monsters
D:10:     dragon1_lemuel, evilmike_minifort
D:11:     minmay_diamond_stairs, rats_and_rats_again, uniq_harold
D:12:     zombieorc2_lemuel, lemuel_statue_altar
D:13:     minmay_unpleasant_kobolds
D:14:     david_vaults_1, xom_redecorated
D:15:     hangedman_depths_entry_try_elsewhere_first, minmay_misc_feat_five,
          serial_shops, shop, uniq_roxanne, uniq_nessos
Lair:2:   worms_lemuel, grunt_megastairs_2, lemuel_fruit_fields,
          infiniplex_staircase_pool_2
Lair:5:   lemuel_fruit_fields
Lair:6:   minmay_swamp_entry_reptiles, guppyfry_snake_entry_island,
          minmay_slime_entry_pillars, roderic_batcave, minmay_another_anthill
Lair:7:   grunt_megastairs_1, uniq_snorg
Lair:8:   evil_forest
Swamp:1:  evilmike_swamp_ruin_wall, uniq_nikola, uniq_rupert
Swamp:2:  cheibrodos_swamp_heart_of_darkness, evilmike_swamp_ruin_house_6,
          swamp_pool2, st_swamp_ruins_3
Swamp:3:  evilmike_swamp_ruin_house_1, uniq_aizul
Swamp:4:  hangedman_swamp_blocks, swamp_pool4
Swamp:5:  swamp, swamp_pool1, infiniplex_staircase_pool
Orc:1:    serial_shops, shop, nooodl_orcs_dogs
Orc:2:    minmay_goldmine, basic_altar, enter_bailey_8,
          portal_ice_cave_entry_pillars_03
Orc:3:    nicolae_orc_pool_cavern, uniq_fannar
Vaults:1: ontoclasm_vaults_pinch, hangedman_vaults_nodes,
          vaults_room_fancy_cross, vaults_mumra_chevron_long,
          nicolae_vaults_shelves_hall, v_alt_pattern_2, dpeg_vaults_monster_row,
          serial_ice_b, nicolae_vaults_stairing_the_circle,
          vaults_dpeg_diagonal, v_misc_9, ontoclasm_vaults_loading_screen,
          infiniplex_enter_wizlab_water
Vaults:2: grunt_tower_of_power, hangedman_vaults_impose, v_misc_8,
          grunt_vaults_swirl, ontoclasm_vaults_tryst, v_rooms_5,
          ontoclasm_vaults_ring_square, nicolae_vaults_little_squares_4,
          nicolae_vaults_mini_display_case
Vaults:3: minmay_crypt_entry_nasty_monster, vaults_mumra_minichess_inversion,
          v_misc_27, nicolae_vaults_c_with_doors, vaults_room_boxed,
          ontoclasm_vaults_ligature, hangedman_vaults_stream
Vaults:4: vaults_room_large_hall, v_misc_33, hangedman_vaults_river_flow,
          v_alt_pattern_6, vaults_room_pools, vaults_dpeg_doors,
          nicolae_vaults_circle_grid_a, nicolae_vaults_three_branches,
          hangedman_vaults_hat, v_rooms_1, v_misc_19, v_misc_14,
          v_alt_pattern_4, nicolae_vaults_rhombus_5,
          nicolae_vaults_little_squares_4, uniq_sojobo

Action                   |  1- 3 |  4- 6 |  7- 9 | 10-12 | 13-15 | 16-18 | 19-21 || total
-------------------------+-------+-------+-------+-------+-------+-------+-------++-------
Melee: Hand axe          |   103 |   301 |   316 |       |       |       |       ||   720
       Battleaxe         |       |       |    73 |   672 |  1366 |  1211 |   395 ||  3717
Throw: Tomahawk          |       |       |    54 |     1 |   212 |       |       ||   267
       Javelin           |       |       |       |       |    80 |    63 |    31 ||   174
Invok: Berserk           |     4 |     4 |     9 |    22 |    23 |    29 |     6 ||    97
       Burn Spellbooks   |       |     1 |     1 |     1 |     4 |     2 |     1 ||    10
       Brothers in Arms  |       |       |       |    10 |    19 |    18 |     4 ||    51
       Trog's Hand       |       |       |       |       |     5 |    10 |     6 ||    21
 Abil: Fly               |       |       |       |       |     1 |     6 |       ||     7
  Use: Scroll            |     5 |     8 |     7 |    14 |    12 |     6 |     1 ||    53
       Potion            |       |     4 |     4 |     1 |     1 |     2 |     1 ||    13
 Stab: Distracted        |       |       |       |       |     1 |     6 |     1 ||     8
       Confused          |       |       |       |       |     1 |       |       ||     1
  Eat: Beef jerky        |     1 |       |     2 |     1 |     4 |       |       ||     8
       Chunk             |     1 |     7 |     5 |    24 |    40 |    17 |     2 ||    96
       Bread ration      |     1 |       |     2 |     2 |     1 |       |     2 ||     8
       Meat ration       |       |     1 |       |       |     4 |    10 |     1 ||    16
       Fruit             |       |       |     4 |     5 |     6 |       |       ||    15
       Pizza             |       |       |     1 |     7 |     1 |     1 |       ||    10
       Royal jelly       |       |       |       |     1 |       |       |       ||     1
